 Dungeon Crawl Stone Soup version 0.30-a0-190-g22c9a3c0ff (webtiles) character file.

Game seed: 17755873719707726938

225 Morbidden the Gusty (level 6, -1/34 HPs)
             Began as a Tengu Air Elementalist on Oct 4, 2022.
             Killed by divine providence
             ... invoked by an orc priest
              (9 damage)
             ... on level 3 of the Dungeon.
             The game lasted 00:05:07 (2651 turns).

Morbidden the Gusty (Tengu Air Elementalist)        Turns: 2651, Time: 00:05:07

Health: -1/34      AC:  3    Str:  9    XL:     6   Next: 1%
Magic:  11/11      EV: 14    Int: 17    God:
Gold:   149        SH:  0    Dex: 14    Spells: 5/11 levels left

rFire   + . .      SeeInvis .    a - +1 dagger (venom)
rCold   + + .      Faith    .    (no shield)
rNeg    . . .      Spirit   .    e - +0 leather armour
rPois   +          Reflect  .    (helmet restricted)
rElec   +          Harm     .    (no cloak)
rCorr   +          Rampage  .    (no gloves)
Will    .....                    (boots unavailable)
Stlth   ++........               (no amulet)
HPRegen 0.25/turn                f - ring of protection from cold
MPRegen 0.12/turn                (no ring)

@: resistant, flying quickly and evasively, quick
A: beak, talons 3, nimble flight
a: no special abilities


You were on level 3 of the Dungeon.
You visited 1 branch of the dungeon, and saw 3 of its levels.

You collected 149 gold pieces.

Inventory:

Hand Weapons
 a - a +1 dagger of venom (weapon)
 b - a +0 dagger of speed
Armour
 e - a +0 leather armour (worn)
Jewellery
 f - a ring of protection from cold (left hand)
Scrolls
 c - 3 scrolls of teleportation {unknown}
 d - a scroll of noise {unknown}
 g - a scroll of summoning {unknown}
 h - 2 scrolls of enchant armour {unknown}
 i - 2 scrolls of enchant weapon {unknown}
 l - a scroll of identify {unknown}
 m - a scroll of amnesia {unknown}
 p - a scroll of butterflies {unknown}
Potions
 j - a potion of brilliance {unknown}
 k - a potion of magic
 n - a potion of attraction {unknown}
 o - a potion of resistance
 q - a potion of curing {unknown}


   Skills:
 * Level 1.2 Fighting
 * Level 1.6 Short Blades
 + Level 0.5 Armour
 * Level 3.1 Dodging
 + Level 2.4 Stealth
 * Level 3.1 Spellcasting
 * Level 3.2 Conjurations
 * Level 0.4 Translocations
 * Level 5.1 Air Magic


You had 5 spell levels left.
You knew the following spells:

 Your Spells              Type           Power      Damage    Failure   Level
a - Shock                 Conj/Air       64%        1d7       4%          1
b - Static Discharge      Conj/Air       32%        2-4/arc   6%          2
z - Vhi's Electric Charg  Tloc/Air       24%        N/A       22%         3

Your spell library contained the following spells:

 Spells                   Type           Power      Damage    Failure   Level
 Swiftness                Air            19%        N/A       9%          3
 Poisonous Vapours        Pois/Air       22%        N/A       13%         2
 Cigotuvi's Dreadful Rot  Necr/Pois/Air  16%        N/A       19%         2
 Airstrike                Air            9%         2d(2-18)  28%         4
 Arcjolt                  Conj/Air       8%         1d18      75%         5
 Lightning Bolt           Conj/Air       8%         1d20      75%         5
 Maxwell's Capacitive Co  Air            9%         ∞         100%        8


Dungeon Overview and Level Annotations

Branches:
Dungeon (3/15)

Altars:
Nemelex Xobeh


Innate Abilities, Weirdness & Mutations

You have a beak for a mouth.
You have claws for feet.
Your magical nature lets you fly swiftly and evasively.


Message History

A ball python comes into view.
A ball python is nearby!
A ball python is nearby!
A ball python is nearby!
The ball python hisses angrily.
The ball python barely misses you. The ball python completely misses you.
There is an open door here.
You hit the ball python. Your peck misses the ball python.
The ball python is severely wounded.
The ball python bites you but does no damage.
The ball python barely misses you.
You hit the ball python.
You kill the ball python!
You see here a ball python corpse.
An orc priest is nearby!
The orc priest shouts!
An orc priest is nearby!
An orc priest is nearby!
The orc priest mumbles some strange prayers to Beogh against you.
Beogh smites you!
An orc priest is nearby!
The orc priest hits you with a +0 trident!
You are too injured to fight recklessly!
You are too injured to fight recklessly!
You are too injured to fight recklessly!
You are too injured to fight recklessly!
Unknown command.
Unknown command.
You hit the orc priest.
The orc priest is poisoned.
Your peck misses the orc priest.
The orc priest is moderately wounded.
The orc priest hits you with a +0 trident.
* * * LOW HITPOINT WARNING * * *
Unknown command.
Unknown command.
It was a potion of resistance.
You feel protected.
The orc priest mumbles some strange prayers to Beogh against you.
Beogh smites you!
You die...

#.# #.##.# ##### #.# #.#.†#
#...# #.# #.#'## #...# #.#
#....# #...# #.# #....# #...# #
#.# #....# #...# #
###.######....# #...# #
#............## #...# #
######.........@..#####...######
................o.'.............
######......).....###########..#
##.....)÷..................
#............##...........
##....###.................
#...)# #................. #...)#
#................. #....#
#.................


You could see an orc priest (very poisoned).

Vanquished Creatures
  An orc priest (D:3)
  2 jellies (D:1)
  An orc wizard (D:3)
  4 adders
  A worm (D:2)
  A dart slug (D:2)
  2 orcs (D:3)
  7 bats
  11 endoplasms
  3 giant cockroaches (D:1)
  7 goblins
  A hobgoblin (D:2)
  6 jackals
  3 quokkas
  5 ball pythons
  8 kobolds
  9 rats
72 creatures vanquished.

Notes
Turn   | Place    | Note
-------+----------+-------------------------------------------
     0 | D:1      | Morbidden the Tengu Air Elementalist began the quest for
                  | the Orb.
     0 | D:1      | Reached XP level 1. HP: 10/10 MP: 4/4
     0 | D:1      | Noticed a jelly
     1 | D:1      | Found a runed translucent door.
   397 | D:1      | Reached XP level 2. HP: 15/15 MP: 6/6
   576 | D:1      | Found a faded altar of an unknown god.
  1013 | D:1      | Learned a level 2 spell: Static Discharge
  1125 | D:1      | Reached XP level 3. HP: 19/19 MP: 7/7
  1255 | D:1      | Reached skill level 1 in Short Blades
  1255 | D:1      | Reached XP level 4. HP: 24/24 MP: 3/8
  1471 | D:2      | Gained mutation: Your magical nature lets you fly swiftly
                  | and evasively. [Tengu growth]
  1471 | D:2      | Reached XP level 5. HP: 5/28 MP: 7/10
  1651 | D:2      | Found a sparkling altar of Nemelex Xobeh.
  1783 | D:2      | Learned a level 3 spell: Vhi's Electric Charge
  1841 | D:2      | Reached skill level 1 in Fighting
  2241 | D:3      | Reached skill level 5 in Air Magic
  2434 | D:3      | Reached XP level 6. HP: 19/34 MP: 2/11
  2651 | D:3      | Killed from afar by an orc priest

Illustrated notes

Levels and vault maps discovered:
D:1:      dpeg_arrival_caged_fury, layout_loops_corners,
          shapermc_ecumenical_altar_starsandcircs, minmay_misc_feat_alley,
          roderic_roman_lattice, st_stairs_6
D:2:      layout_rooms, basic_altar, minmay_misc_feat_roman, chequers_garden
D:3:      layout_basic

Skill      XL: |  1  2  3  4  5 |
---------------+----------------+-----
Short Blades   | 1 |  1.6
Conjurations   | 2 3 |  3.2
Fighting       | 1 |  1.2
Air Magic      | 5 |  5.1
Spellcasting   | 3 |  3.1
Dodging        | 3 |  3.1
Armour         | |  0.5
Stealth        | |  2.4
Translocations | |  0.4

Action                   |  1- 3 |  4- 6 || total
-------------------------+-------+-------++-------
Melee: Dagger            |    37 |    86 ||   123
       Kick              |     9 |    17 ||    26
       Peck              |     2 |    11 ||    13
 Cast: Shock             |    37 |    30 ||    67
       Static Discharge  |       |     3 ||     3
  Use: Potion            |       |     1 ||     1
 Stab: Sleeping          |     2 |     2 ||     4
Armor: Robe              |    18 |     1 ||    19
       Leather armour    |       |    18 ||    18
Dodge: Dodged            |    45 |    56 ||   101

Table legend: (Time is in decaauts)
 A = Elapsed time spent in this place.
 B = Non-inter-level travel time spent in this place.
 C = Inter-level travel time spent in this place.
 D = Time resting spent in this place.
 E = Time spent auto-exploring this place.
 F = Levels seen in this place.
 G = Mean time per level.
                   A        B        C        D        E       F      G
               +--------+--------+--------+--------+--------+-----+--------+
         Total |   2581 |   2509 |     72 |    295 |   1734 |   3 |  860.3 |
       Dungeon |   2581 |   2509 |     72 |    295 |   1734 |   3 |  860.3 |
               +--------+--------+--------+--------+--------+-----+--------+

Top non-repeatable levels by time:
     D:1: 1404 daAuts
     D:2: 773 daAuts
     D:3: 403 daAuts
